 Dungeon Crawl Stone Soup version 0.31-a0-806-g0bc164a743 (webtiles) character file.

Game seed: 2566542248886677040

106579 2FriedEggs the Acrobat (level 15, -11/65 HPs)
             Began as a Spriggan Hunter on Sept 20, 2023.
             Was a High Priest of Hepliaklqana.
             Killed by the raging water
             ... invoked by a water nymph
              (22 damage)
             ... on level 1 of the Shoals.
             The game lasted 01:03:36 (25039 turns).

2FriedEggs the Acrobat (Spriggan Hunter)           Turns: 25039, Time: 01:03:37

Health: -11/65     AC: 10    Str:  7    XL:     15   Next: 98%
Magic:  26/26      EV: 45    Int: 12    God:    Hepliaklqana [*****.]
Gold:   350        SH:  5    Dex: 25    Spells: 14/14 levels left

rFire   + . .        r - +5 orcbow (drain)
rCold   . . .        (shield currently unavailable)
rNeg    . . .        L - +0 troll leather armour
rPois   .            (helmet restricted)
rElec   +            d - +2 cloak
rCorr   .            (gloves unavailable)
SInv    +            (boots unavailable)
Will    ++...        D - amulet of reflection
Stlth   ++           Z - ring "Sarafril" {Fly rElec rF+}
HPRegen 1.10/turn    N - +4 ring of protection
MPRegen 0.20/turn

%: random rage (3%), reflection
@: flying, very quick
A: reduced essence, very small, no large weapons, unfitting armour, see
invisible, speed 3, berserk 1, sturdy frame 1
a: Renounce Religion, Recall Ancestor, Ancestor Identity, Transference, Idealise


You were on level 1 of the Shoals.
You worshipped Hepliaklqana.
Hepliaklqana was extremely pleased with you.
You visited 4 branches of the dungeon, and saw 23 of its levels.
You also visited: Ossuary.

You collected 2021 gold pieces.
You spent 1671 gold pieces at shops.

Inventory:

Hand Weapons
 r - a +5 orcbow of draining (weapon)
Missiles
 j - 9 curare-tipped darts
 u - 3 throwing nets
Armour
 d - a +2 cloak (worn)
 H - a +2 robe of fire resistance
 L - a +0 troll leather armour (worn)
Jewellery
 g - an amulet of faith
 t - a ring of protection from cold
 x - a ring of resist corrosion
 D - an amulet of reflection (around neck)
 N - a +4 ring of protection (right hand)
 P - a ring of wizardry
 Q - a ring of ice
 S - a +4 ring of protection
 Y - a +6 ring of dexterity
 Z - the ring "Sarafril" (left hand) {Fly rElec rF+}
   (You bought it in a shop on level 2 of the Orcish Mines)

   [ring of flight]

   rF+:       It protects you from fire.
   rElec:     It insulates you from electricity.
   Fly:       It grants you flight.
Wands
 c - a wand of mindburst (10)
 F - a wand of polymorph (9)
 K - a wand of paralysis (12)
 O - a wand of digging (4)
 R - a wand of iceblast (7)
 U - a wand of quicksilver (5)
 X - a wand of flame (11)
Scrolls
 b - 2 scrolls of silence
 e - 7 scrolls of teleportation
 f - 3 scrolls of immolation
 k - 6 scrolls of noise
 m - 4 scrolls of poison
 n - 5 scrolls of vulnerability
 w - 2 scrolls of amnesia
 y - a scroll of summoning
 A - 3 scrolls of brand weapon
 B - 5 scrolls of enchant armour
 C - 2 scrolls of fog
 E - a scroll of fear
 W - 2 scrolls of enchant weapon
Potions
 a - a potion of haste
 h - 2 potions of cancellation
 i - 6 potions of heal wounds
 l - 8 potions of enlightenment
 o - 5 potions of might
 p - 2 potions of invisibility
 q - 4 potions of curing
 s - 2 potions of lignification
 v - 4 potions of attraction
 z - 4 potions of magic
 G - 5 potions of berserk rage
 M - 3 potions of mutation
 V - 2 potions of brilliance


   Skills:
 + Level 6.1 Fighting
 - Level 16.0 Ranged Weapons
 + Level 23.9 Dodging
 - Level 1.5 Stealth
 - Level 14.2 Invocations


You had 14 spell levels left.
You didn't know any spells.
Your spell library contained the following spells:

 Spells                   Type           Power      Damage    Failure   Level
 Kiss of Death            Conj/Necr      0%         2d5       36%         1
 Magic Dart               Conj           0%         1d3       36%         1
 Necrotise                Necr           0%         1d4       36%         1
 Sting                    Tmut/Pois      0%         1d3       36%         1
 Blink                    Tloc           0%         N/A       50%         2
 Call Imp                 Summ           0%         N/A       50%         2
 Cigotuvi's Dreadful Rot  Necr/Pois/Air  0%         N/A       50%         2
 Lesser Beckoning         Tloc           0%         N/A       50%         2
 Poisonous Vapours        Pois/Air       0%         N/A       50%         2
 Confusing Touch          Hex            0%         N/A       73%         3
 Gell's Gravitas          Tloc           0%         N/A       73%         3
 Ignite Poison            Fire/Tmut/Pois 0%         N/A       73%         3
 Inner Flame              Hex/Fire       0%         N/A       73%         3
 Mephitic Cloud           Conj/Pois/Air  0%         N/A       73%         3
 Teleport Other           Tloc           0%         N/A       73%         3
 Tukima's Dance           Hex            0%         N/A       73%         3
 Vampiric Draining        Necr           0%         2d6       73%         3
 Volatile Blastmotes      Fire/Tloc      0%         2d10      73%         3
 Dimensional Bullseye     Hex/Tloc       0%         N/A       98%         4
 Dispel Undead            Necr           0%         3d6       98%         4
 Flame Wave               Conj/Fire      0%         2d4       98%         4
 Fulminant Prism          Conj/Hex       0%         3d5       98%         4
 Iskenderun's Mystic Bla  Conj/Tloc      0%         2d3       98%         4
 Manifold Assault         Tloc           0%         N/A       98%         4
 Olgreb's Toxic Radiance  Pois           0%         N/A       98%         4
 Sticky Flame             Conj/Fire      0%         2d3       98%         4
 Vhi's Electric Charge    Tloc/Air       0%         N/A       98%         4
 Agony                    Necr           0%         N/A       100%        5
 Arcjolt                  Conj/Air       0%         1d10      100%        5
 Freezing Cloud           Conj/Ice/Air   0%         6-21      100%        5
 Maxwell's Capacitive Co  Air            0%         ∞         100%        8


Dungeon Overview and Level Annotations

Branches:
Dungeon (15/15)            Temple (0/1) D:5            Lair (5/5) D:8
 Shoals (1/4) Lair:3        Snake (0/4) Lair:2        Slime (0/5) Lair:4
    Orc (2/2) D:9             Elf (0/3) Orc:2        Vaults (0/5) D:14
 Depths (0/4) D:15        Ossuary (visited)

Altars:
Cheibriados
Dithmenos
Elyvilon
Fedhas
Hepliaklqana
Kikubaaqudgha
Makhleb
Okawaru
Ru
Trog
Uskayaw
Wu Jian
Yredelemnul
Zin

Shops:
D:1 :=   D:4 *([*   D:14 (=(*   Orc:1 =   Orc:2 =*[(

Annotations:
D:3 2 transporters
D:10 exclusion: oklob plant
Lair:3 exclusion: oklob plant
Lair:5 exclusion: obsidian statue


Innate Abilities, Weirdness & Mutations

Your life essence is reduced to manifest your ancestor. (-10% HP)
You are very small and have problems with some larger weapons.
You are too small for most types of armour.
You have supernaturally acute eyesight. (SInv)
You cover ground extremely quickly. (Speed+++)
You sometimes lose your temper in combat.
Your movements are slightly less encumbered by armour. (ER -2)


Message History

The skyshark tail-slaps you but does no damage.
The skyshark completely misses you.
You shoot an arrow. The arrow hits the skyshark.
You drain the skyshark.
The skyshark is almost dead.
The skyshark completely misses you. x2; You block the skyshark's attack.
You shoot an arrow.
The arrow hits the skyshark but does no damage.
You drain the skyshark.
You kill the skyshark!
No target in view!
You start resting.
Hamal emerges from the mists of memory!
A water nymph comes into view.
A water nymph is nearby!
You shoot an arrow. The arrow hits the water nymph!
The water nymph is lightly wounded.
The water nymph gestures at you while chanting.
The water rises up and strikes you!
You shoot an arrow.
The arrow barely misses the water nymph.
You shoot an arrow. The arrow hits the water nymph!!
The water nymph is heavily wounded.
The water nymph points at you and mumbles some strange words.
The water rises up and strikes you!!
You shoot an arrow.
The arrow closely misses the water nymph.
The water nymph gestures at you while chanting.
The water rises up and strikes you!!
* * * LOW HITPOINT WARNING * * *
You are too injured to fight recklessly!
You are too injured to fight recklessly!
Unknown command.
Fire: r) +5 orcbow (drain)
Press: ? - help, Q - select action, (/) - cycle Shift-Dir - straight line, f/p - water nymph
Aim: a water nymph (water, heavily wounded, ally target, 66% to hit)
You shoot an arrow.
The arrow closely misses the water nymph.
The water nymph points at you and mumbles some strange words.
The water rises up and strikes you!!
You die...

############### ≈≈≈
≈≈≈≈≈≈≈≈≈≈≈≈≈≈≈
≈≈≈≈≈≈≈≈≈≈≈≈≈≈≈≈@≈≈≈≈≈≈≈
≈≈≈≈≈≈≈≈≈≈≈≈≈R≈≈≈≈≈≈≈≈≈≈
≈≈≈≈≈≈≈≈≈≈≈≈≈≈≈≈≈≈≈≈≈≈≈≈
≈≈≈≈≈≈≈≈≈≈≈≈≈≈≈≈≈≈≈≈≈≈≈≈
≈≈≈≈≈≈≈≈≈≈≈≈≈≈≈≈≈≈≈≈≈≈≈≈
≈≈≈≈≈≈≈≈≈m≈≈≈≈≈≈≈≈≈≈≈≈≈≈
~≈≈≈≈≈≈≈≈≈H≈≈≈≈≈≈≈≈≈≈≈≈≈
~≈≈≈≈≈l≈≈≈≈≈≈≈≈≈≈≈≈≈≈≈≈≈
~≈≈≈≈≈≈≈≈≈≈≈≈≈≈≈≈≈≈≈≈≈≈≈


You could see the friendly Hamal the knight, a manticore and a water nymph (ally
target).

Vanquished Creatures
  3 dire elephants (Lair:5)
  An ettin (D:15)
  9 hydras
  2 vault guards (D:14)
  An ironbound frostheart (D:14)
  5 two-headed ogres
  8 death yaks
  6 centaur warriors
  2 orc high priests (Orc:2)
  3 tengu warriors
  4 boulder beetles
  2 soul eaters
  A spectral dire elephant (Lair:5)
  A spectral death yak (Lair:5)
  2 skysharks (Shoals:1)
  A sixfirhy (D:15)
  3 sea snakes (Shoals:1)
  A spectral anaconda (Lair:5)
  A deep troll (D:15)
  4 wizards
  5 deep elf pyromancers
  4 orc knights
  3 harpies (D:15)
  2 necromancers (Lair:5)
  2 lindwurms
  4 orc sorcerers (Orc:2)
  A deep elf zephyrmancer (D:15)
  3 cyclopes
  4 manticores
  An ugly thing (D:13)
  A black mamba (Lair:5)
  2 rust devils
  Joseph (D:10)
  A cyclops (shapeshifter) (D:15)
  2 dire elephant zombies (Lair:5)
  A merfolk siren (Lair:3)
  13 elephants
  A torpor snail (Lair:4)
  10 cane toads
  2 kobold demonologists
  A gargoyle (D:13)
  3 rime drakes
  4 komodo dragons
  2 yaktaurs
  An ice devil (D:15)
  5 red devils (D:15)
  2 tengu conjurers
  8 trolls
  2 hellwings
  2 hornets
  A polar bear (Lair:4)
  16 blink frogs
  A spectral elephant (Lair:5)
  2 dream sheep (Lair:5)
  4 slime creatures (D:12)
  2 shadows
  A water elemental (Shoals:1)
  5 wyverns
  35 yaks
  2 humans (D:14)
  5 wraiths
  4 basilisks
  A human (shapeshifter) (D:13)
  A vampire mosquito (D:14)
  5 neqoxecs
  2 death yak simulacra (Lair:5)
  2 chaos spawn (D:15)
  A spectral cane toad (Lair:5)
  3 nagas (Lair:2)
  5 wargs
  An acid dragon (D:11)
  9 water moccasins
  3 black bears
  2 ice beasts
  2 sky beasts
  6 ogres
  28 orc warriors
  3 elephant zombies (Lair:5)
  13 wolves
  2 phantoms
  13 centaurs
  An elephant skeleton (Lair:5)
  14 kobold brigands
  10 bullfrogs
  3 scorpions
  3 cane toad simulacra (Lair:5)
  8 wights
  5 killer bees
  9 howler monkeys
  14 orc priests
  3 hounds
  6 jellies
  A sleepcap (D:4)
  An iron imp (D:4)
  4 iguanas (D:6)
  16 orc wizards
  4 ogre zombies (D:9)
  5 gnolls
  5 adders
  2 shadow imps (D:9)
  A white imp (D:6)
  An ufetubus (D:5)
  3 worms
  A dart slug (D:1)
  51 orcs
  6 endoplasms
  A giant cockroach (D:1)
  6 goblins
  8 hobgoblins
  2 quokkas
  8 ball pythons
  A ball python skeleton (Ossuary)
  5 bats
  3 frilled lizards
  4 goblin zombies (D:9)
  3 hobgoblin zombies
  32 kobolds
  8 kobold skeletons (D:9)
  8 kobold zombies
  11 orc zombies
  5 rats
615 creatures vanquished.

Vanquished Creatures (collateral kills)
  An orc warlord (Orc:2)
  Josephine (D:14)
  A catoblepas (Lair:4)
  A death yak (Lair:5)
  An orc high priest (Orc:2)
  A soul eater (D:15)
  A skyshark (Lair:5)
  A spectral death yak (Lair:5)
  A sea snake (Shoals:1)
  A lindwurm (Lair:3)
  A harpy (D:15)
  A necromancer (Lair:5)
  3 orc sorcerers
  A black mamba (Lair:2)
  A smoke demon (D:14)
  4 cane toads
  A rime drake (Lair:5)
  A kobold demonologist (D:9)
  A komodo dragon (Lair:5)
  A red devil (D:15)
  An ice devil (D:15)
  A hellwing (D:15)
  A polar bear (Lair:4)
  2 blink frogs (Lair:5)
  4 dream sheep (Lair:5)
  A slime creature (D:12)
  2 ynoxinuls (D:15)
  5 yaks
  2 chaos spawn
  3 wraiths (D:14)
  A human (D:14)
  2 vampire mosquitoes (D:14)
  A water moccasin (Lair:4)
  A black bear (D:5)
  3 orc warriors (Orc:2)
  A boggart (shapeshifter) (D:15)
  2 wolves (Lair:1)
  An elephant skeleton (Lair:5)
  4 kobold brigands
  A bullfrog (D:8)
  4 wights
  4 killer bees
  A howler monkey (D:14)
  A hound (D:5)
  A jelly (D:6)
  3 orc priests
  An iguana (D:6)
  2 orc wizards
  2 gnolls (D:5)
  The ghost of cforsyth the Sneak, a weakling DjDe (D:5)
  The ghost of cforsyth the Sneak, a weakling DjDe (D:5)
  5 orcs
  2 hobgoblin skeletons (D:9)
  6 kobolds
  A kobold skeleton (D:9)
  5 kobold zombies
  2 orc zombies (D:9)
106 creatures vanquished.

Vanquished Creatures (others)
  12 knights
  An ancestor (D:5)
13 creatures vanquished.

Grand Total: 734 creatures vanquished

Notes
Turn   | Place    | Note
-------+----------+-------------------------------------------
     0 | D:1      | 2FriedEggs the Spriggan Hunter began the quest for the Orb.
     0 | D:1      | Reached XP level 1. HP: 10/10 MP: 2/2
    14 | D:1      | Found Qor Azxogri's Book Shop.
   365 | D:1      | Reached skill level 3 in Dodging
   381 | D:1      | Reached XP level 2. HP: 14/14 MP: 3/3
   393 | D:1      | Found Zati's Jewellery Shoppe.
  1225 | D:2      | Reached XP level 3. HP: 11/18 MP: 4/4
  1848 | D:3      | Reached skill level 5 in Ranged Weapons
  2217 | D:3      | Reached skill level 4 in Dodging
  2217 | D:3      | Reached XP level 4. HP: 12/22 MP: 5/5
  2217 | D:3      | Found a transporter.
  2264 | D:3      | Noticed a kobold demonologist
  2285 | D:3      | Found a transporter.
  2466 | D:3      | Found a bloodstained altar of Trog.
  2466 | D:3      | Found a hazy altar of Hepliaklqana.
  2481 | D:3      | Became a worshipper of Hepliaklqana the Forgotten
  2649 | D:4      | Found Zioh's Weapon Emporium.
  2651 | D:4      | Noticed an ogre
  2666 | D:4      | Killed an ogre
  2667 | D:4      | Reached skill level 5 in Dodging
  2667 | D:4      | Reached XP level 5. HP: 25/25 MP: 6/6
  2703 | D:4      | Found a sacrificial altar of Ru.
  2740 | D:4      | Reached XP level 6. HP: 30/30 MP: 7/7
  2756 | D:4      | Found Zumieq's Antique Armour Boutique.
  2782 | D:4      | Found a snail-covered altar of Cheibriados.
  3001 | D:4      | Found Utsa's Fire Supplies.
  3192 | D:4      | Found Amas Rau's Assorted Antiques.
  3197 | D:4      | Bought a scroll labelled PEOFRU FE RUH for 26 gold pieces
  3197 | D:4      | Bought a fuming red potion for 23 gold pieces
  3393 | D:5      | Entered Level 5 of the Dungeon
  3400 | D:5      | Reached * piety under Hepliaklqana
  3451 | D:5      | Found a staircase to the Ecumenical Temple.
  3492 | D:5      | Found a runed translucent gate.
  3492 | D:5      | Found a runed translucent gate.
  3492 | D:5      | Found a runed translucent gate.
  3496 | D:5      | Noticed cforsyth's ghost (weakling DjDe)
  3496 | D:5      | Noticed cforsyth's ghost (weakling DjDe)
  3584 | D:5      | Reached skill level 6 in Dodging
  3584 | D:5      | Reached XP level 7. HP: 26/29 MP: 5/8
  4651 | D:5      | Killed cforsyth's ghost
  4656 | D:5      | Killed cforsyth's ghost
  4743 | D:5      | Identified a scroll of acquirement
  4744 | D:5      | Acquired a +4 orcbow of draining
  4828 | D:6      | Reached skill level 7 in Dodging
  4956 | D:6      | Reached XP level 8. HP: 33/33 MP: 6/9
  5023 | D:6      | Reached skill level 8 in Dodging
  5023 | D:6      | Reached ** piety under Hepliaklqana
  5024 | D:6      | Remembered your ancestor Hamal as a knight
  5433 | D:6      | Found a hide-covered altar of Uskayaw.
  5625 | D:7      | Found a sand-covered staircase.
  5718 | Ossuary  | Entered an ossuary
  5789 | Ossuary  | Reached skill level 10 in Ranged Weapons
  5915 | Ossuary  | Noticed a flying skull
  5928 | Ossuary  | Noticed a flying skull
  5941 | Ossuary  | Noticed a flying skull
  5954 | Ossuary  | Noticed a flying skull
  5976 | Ossuary  | Reached skill level 9 in Dodging
  5992 | Ossuary  | Reached XP level 9. HP: 36/36 MP: 10/10
  6181 | D:7      | Found an iron altar of Okawaru.
  6219 | D:7      | Found a glowing silver altar of Zin.
  6281 | D:7      | Reached skill level 1 in Invocations
  6373 | D:7      | Reached skill level 10 in Dodging
  6587 | D:7      | Reached *** piety under Hepliaklqana
  6956 | D:8      | Identified the +9 short sword of the Unkillable {pain,
                  | rElec}
  7109 | D:8      | Found a shadowy altar of Dithmenos.
  7114 | D:8      | Found a staircase to the Lair.
  7433 | D:8      | Found an ornate altar of the Wu Jian Council.
  7893 | D:8      | Reached XP level 10. HP: 41/41 MP: 10/13
  8044 | D:9      | Reached skill level 11 in Dodging
  8584 | D:9      | Noticed a two-headed ogre
  8592 | D:9      | Killed a two-headed ogre
  8703 | D:9      | Reached skill level 5 in Invocations
  8843 | D:9      | Reached **** piety under Hepliaklqana
  8849 | D:9      | Found an ancient bone altar of Kikubaaqudgha.
  8927 | D:9      | Reached skill level 12 in Dodging
  9215 | D:9      | Found a staircase to the Orcish Mines.
  9444 | D:10     | Entered Level 10 of the Dungeon
  9494 | Lair:1   | Entered Level 1 of the Lair of Beasts
  9527 | Lair:1   | Reached XP level 11. HP: 44/44 MP: 16/16
  9821 | Lair:1   | Reached ***** piety under Hepliaklqana
 10486 | Lair:2   | Found a staircase to the Snake Pit.
 10650 | Lair:2   | Reached skill level 13 in Dodging
 11031 | Lair:2   | Identified the +7 ring mail "Bisiocal" {Harm Str+3 Int+6}
 11801 | Lair:2   | Reached skill level 15 in Ranged Weapons
 11904 | Lair:3   | Reached XP level 12. HP: 47/47 MP: 18/18
 12031 | Lair:3   | Reached skill level 14 in Dodging
 12095 | Lair:3   | Found a staircase to the Shoals.
 12593 | Shoals:1 | Entered Level 1 of the Shoals
 12735 | Lair:4   | Noticed a catoblepas
 12748 | Lair:4   | Killed a catoblepas
 13013 | Lair:4   | Reached skill level 15 in Dodging
 13027 | Lair:4   | Found a staircase to the Slime Pits.
 13229 | Lair:4   | Reached ****** piety under Hepliaklqana
 13316 | Lair:4   | Noticed a death yak
 13321 | Lair:4   | Noticed a death yak
 13323 | Lair:4   | Noticed a death yak
 13323 | Lair:4   | Noticed a death yak
 13324 | Lair:4   | Noticed a death yak
 13325 | Lair:4   | Killed a death yak
 13329 | Lair:4   | Noticed a death yak
 13404 | Lair:4   | Killed a death yak
 13432 | Lair:4   | Killed a death yak
 13453 | Lair:4   | Killed a death yak
 13484 | Lair:4   | Killed a death yak
 13491 | Lair:4   | Killed a death yak
 13492 | Lair:4   | Reached skill level 10 in Invocations
 13492 | Lair:4   | Reached XP level 13. HP: 51/51 MP: 19/21
 13538 | Lair:4   | Reached skill level 16 in Dodging
 13706 | Lair:4   | Found a burning altar of Makhleb.
 14017 | Lair:4   | Upgraded the game from 0.31-a0-799-g6bc09d010c to
                  | 0.31-a0-806-g0bc164a743
 14021 | Lair:5   | Entered Level 5 of the Lair of Beasts
 14293 | Lair:5   | Reached skill level 17 in Dodging
 14683 | Lair:5   | Noticed a dire elephant
 14683 | Lair:5   | Noticed a dire elephant
 14683 | Lair:5   | Noticed a dire elephant
 14736 | Lair:5   | Found the +10 dark maul {heavy}
 14783 | Lair:5   | Reached skill level 18 in Dodging
 15576 | Lair:5   | Reached XP level 14. HP: 54/54 MP: 24/24
 16012 | Lair:5   | Reached skill level 19 in Dodging
 16800 | D:10     | Noticed Joseph
 16806 | D:10     | Killed Joseph
 16962 | D:10     | Found an ancient bone altar of Kikubaaqudgha.
 17251 | D:10     | Found a blossoming altar of Fedhas.
 17406 | D:10     | Found a basalt altar of Yredelemnul.
 18005 | D:11     | Identified the +0 leather armour "Lajugiok" {-Cast +Inv
                  | rN++ MP-9}
 18551 | D:12     | You fall into a shaft and drop 2 floors!
 18558 | D:14     | Found a white marble altar of Elyvilon.
 18591 | D:14     | Noticed Josephine
 18605 | D:14     | Killed Josephine
 18739 | D:14     | Found Cuereym's Weapon Boutique.
 18975 | D:13     | Reached skill level 20 in Dodging
 19564 | D:13     | Found a frozen archway.
 19765 | D:12     | Reached skill level 21 in Dodging
 20406 | D:14     | Found Hiosirri's Weapon Emporium.
 20653 | D:14     | Reached XP level 15. HP: 58/58 MP: 26/26
 20697 | D:14     | Found a gate to the Vaults.
 20774 | D:14     | Found Amiut's General Store.
 20781 | D:14     | Bought a scroll of identify for 24 gold pieces
 20781 | D:14     | Bought a scroll of identify for 24 gold pieces
 20781 | D:14     | Bought a scroll of teleportation for 36 gold pieces
 20781 | D:14     | Bought a potion of brilliance for 48 gold pieces
 21022 | D:14     | Found Fofuib's Jewellery Emporium.
 21030 | D:14     | Bought an amulet of reflection for 450 gold pieces
 21295 | D:15     | Entered Level 15 of the Dungeon
 21341 | D:15     | HP: 1/58 [soul eater (19)]
 22196 | D:14     | Gained mutation: You occasionally lose the ability to drink
                  | potions when taking damage. [a neqoxec]
 22245 | D:14     | Lost mutation: You occasionally lose the ability to drink
                  | potions when taking damage. [potion of mutation]
 22245 | D:14     | Gained mutation: Your movements are slightly less
                  | encumbered by armour. (ER -2) [potion of mutation]
 22315 | D:14     | Reached skill level 22 in Dodging
 22751 | D:15     | Identified the +2 robe of Xadagukei {Str+2}
 22849 | D:15     | Found a staircase to the Depths.
 22880 | D:15     | Reached skill level 23 in Dodging
 23639 | Orc:1    | Entered Level 1 of the Orcish Mines
 23746 | Orc:1    | Found Eriti's Jewellery Shop.
 24078 | Orc:2    | Entered Level 2 of the Orcish Mines
 24172 | Orc:2    | Found Juzyuk's Antique Armour Emporium.
 24226 | Orc:2    | Reached skill level 5 in Fighting
 24254 | Orc:2    | Bought a glowing robe for 92 gold pieces
 24300 | Orc:2    | Found a staircase to the Elven Halls.
 24384 | Orc:2    | Found Namowk Wiuv's General Store.
 24394 | Orc:2    | Bought a scroll of enchant weapon for 105 gold pieces
 24394 | Orc:2    | Bought a scroll of teleportation for 42 gold pieces
 24394 | Orc:2    | Bought 2 potions of mutation for 224 gold pieces
 24467 | Orc:2    | Gained mutation: You sometimes lose your temper in combat.
                  | [a neqoxec]
 24498 | Orc:2    | Found Nehenom's Jewellery Emporium.
 24578 | Orc:2    | Found Peruh's Antique Weapon Emporium.
 24629 | Orc:2    | Bought the ring "Sarafril" {Fly rElec rF+} for 577 gold
                  | pieces
 24967 | Shoals:1 | HP: 3/65 [wind drake/the air (16)]
 25039 | Shoals:1 | Killed from afar by a water nymph

Illustrated notes

Levels and vault maps discovered:
D:1:      lightli_arrival_statuegarden, layout_basic, serial_shops,
          nicolae_shop_gibbet_a_chance, nicolae_shop_tiny_glass
D:2:      layout_loops_ring, minmay_split_cup_large
D:3:      gammafunk_wand_slinger, layout_basic, gammafunk_temple_overflow_wave
D:4:      layout_loops_cross, chei_slow_surprise,
          mainiacjoe_overflow_concentric_impassable, serial_shops,
          nicolae_shop_hallway_stairs, shop, nicolae_shop_dealshenge,
          nicolae_shop_fire_sale [nicolae_sub_dead_trees],
          lexackson_kobold_supper
D:5:      layout_basic, minmay_temple_entry_tees, gammafunk_ghost_cemetery,
          nicolae_concentric_dashed_squares_wild
D:6:      layout_basic, nicolae_uskayaw_dance_studio, st_stairs_12,
          hex_intersection
D:7:      layout_basic, mainiacjoe_overflow_catwalk_spiral,
          nicolae_ossuary_entry_ruins
D:8:      layout_basic, nicolae_dithmenos_the_darkroom,
          nzn_wu_jian_council_hall, erik_lair_orcish_takeover
D:9:      wander_kiku_kobolds, layout_loops_ring, zombieorc2_lemuel
D:10:     layout_cave_pods, tgw_fedhas, nicolae_kikubaaqudgha_miasma_corner,
          marbit_many_paths, uniq_joseph
D:11:     layout_loops_ring
D:12:     layout_loops_ring
D:13:     layout_roguey, portal_ice_cave_entry_pillars_2,
          minmay_mirror_moons_of_madness
D:14:     layout_stronghold, hellmonk_vaults_keyhole, elyvilon_altar_5,
          serial_shops, nicolae_shop_gaudy_bauble, shop, nicolae_stop_n_shop_1,
          nicolae_shop_bloodbath_and_beyond, uniq_josephine
D:15:     hangedman_depths_entry_civil_slaughter, layout_long_grid,
          minmay_misc_feat_pillars, serial_demonic, serial_demonic_e,
          serial_demonic_d, serial_demonic_d, serial_demonic_b,
          serial_demonic_f, serial_demonic_d, serial_demonic_b,
          serial_demonic_b, serial_demonic_g, serial_demonic_f, kb_rosetta
Lair:1:   layout_regular_city, chequers_serial_rivers_room_a, grunt_megastairs_5
Lair:2:   layout_cave_pods, guppyfry_snake_entry_island
Lair:3:   layout_hall_layers, minmay_shoals_entry_lonely_mermaid,
          minmay_lair_oklob_items, nicolae_lair_lindhole, lemuel_fruit_fields
Lair:4:   layout_regular_city, minmay_slime_entry_pillars,
          nicolae_lair_grove_arrangements, wad_woods_river_04,
          lemuel_centaur_altar, infiniplex_staircase_pool
Lair:5:   due_jungle_book, layout_regular_city, grunt_megastairs_3
Shoals:1: layout_shoals, serial_shops, bzr_firewalk,
          nicolae_shoals_lost_giant_pillars
Orc:1:    layout_diamond_mine, serial_shops, nicolae_shop_gaudy_bauble
Orc:2:    grunt_orc_gardens, layout_caves, grunt_orc_garden, grunt_orc_garden,
          grunt_orc_garden, grunt_orc_garden

Skill      XL: |  1  2  3  4  5  6  7  8  9 10 11 12 13 14 15 |
---------------+----------------------------------------------+-----
Dodging        | 3 4 5 6 7 9 10 12 13 15 18 21 23 | 23.9
Ranged Weapons | 5 6 7 8 10 12 13 15 16 | 16.0
Invocations    | 3 5 7 10 12 14 | 14.2
Fighting       | 6 |  6.1
Stealth        | |  1.5

Action                     |  1- 3 |  4- 6 |  7- 9 | 10-12 | 13-15 || total
---------------------------+-------+-------+-------+-------+-------++-------
   Fire: Shortbow          |   144 |   101 |    71 |       |       ||   316
         Orcbow            |       |       |   208 |   743 |  1668 ||  2619
  Throw: Dart              |     3 |     3 |       |       |       ||     6
 Invoke: Recall Ancestor   |       |     1 |    15 |    25 |    48 ||    89
         Ancestor Life: Kn |       |       |     1 |       |       ||     1
         Idealise          |       |       |       |     1 |     2 ||     3
    Use: Scroll            |       |     7 |     4 |    12 |    14 ||    37
         Potion            |       |       |       |       |     3 ||     3
 Armour: Robe              |    15 |     5 |     8 |    55 |    71 ||   154
         Troll leather arm |       |       |       |       |    30 ||    30
  Dodge: Dodged            |    29 |    20 |    47 |   185 |   673 ||   954
  Block: Other             |       |       |       |       |    54 ||    54
         Reflection        |       |       |       |       |     4 ||     4

Table legend: (Time is in decaauts)
 A = Elapsed time spent in this place.
 B = Non-inter-level travel time spent in this place.
 C = Inter-level travel time spent in this place.
 D = Time resting spent in this place.
 E = Time spent auto-exploring this place.
 F = Levels seen in this place.
 G = Mean time per level.
                   A        B        C        D        E       F      G
               +--------+--------+--------+--------+--------+-----+--------+
         Total |  17480 |  16468 |   1012 |   1553 |  10600 |  24 |  728.3 |
       Dungeon |  11090 |  10407 |    683 |    987 |   6885 |  15 |  739.3 |
          Lair |   5280 |   5031 |    249 |    557 |   3217 |   5 | 1056.0 |
        Shoals |    145 |    145 |      0 |      9 |      0 |   1 |  145.0 |
  Orcish Mines |    677 |    598 |     79 |      0 |    336 |   2 |  338.5 |
       Ossuary |    286 |    286 |      0 |      0 |    161 |   1 |  286.0 |
               +--------+--------+--------+--------+--------+-----+--------+

Top non-repeatable levels by time:
  Lair:5: 1878 daAuts
    D:14: 1473 daAuts
     D:9: 1027 daAuts
     D:8: 1014 daAuts
  Lair:4: 912 daAuts
  Lair:1: 897 daAuts
     D:5: 875 daAuts
    D:13: 871 daAuts
  Lair:2: 854 daAuts
    D:15: 771 daAuts
  Lair:3: 738 daAuts
    D:10: 719 daAuts
     D:4: 664 daAuts
     D:7: 591 daAuts
     D:1: 583 daAuts
